 Dungeon Crawl Stone Soup version 0.29.0-13-gc9e81de378 (webtiles) character file.

Game seed: 4720539186875075919

1247 SnakkuSnakku7 the Magician (level 8, -5/56 HPs)
             Began as a Djinni Monk on Sept 8, 2022.
             Slain by a gnoll
             ... wielding a +0 spear
             ... led by a gnoll sergeant
              (6 damage)
             ... on level 7 of the Dungeon.
             The game lasted 00:07:00 (6434 turns).

SnakkuSnakku7 the Magician (Djinni Monk)            Turns: 6434, Time: 00:07:01

Health: -5/56      AC:  3    Str:  7 (10) XL:     8   Next: 79%
Gold:   249        EV: 13    Int: 10 (13) God:
                   SH:  5    Dex: 14 (17)

rFire   + . .      SeeInvis .   d - +0 dagger (venom)
rCold   . . .      Faith    .   (no shield)
rNeg    . . .      Spirit   .   b - +0 robe
rPois   ∞          Reflect  +   c - +0 helmet
rElec   .          Harm     .   (no cloak)
rCorr   .          Rampage  .   (no gloves)
Will    .....                   (boots unavailable)
Stlth   ++........              e - amulet of reflection
HPRegen 0.18/turn               j - ring of ice
MPRegen 0.00/turn               (no ring)

@: flying, studying Dodging
A: sickness immunity, fire resistance 2, cold vulnerability 1, float, innate
caster, HP casting, extra vitality 1
a: no special abilities


You were on level 7 of the Dungeon.
You visited 1 branch of the dungeon, and saw 7 of its levels.

You collected 249 gold pieces.

Inventory:

Hand Weapons
 a - a +0 falchion
 d - a +0 dagger of venom (weapon)
Armour
 b - a +0 robe (worn)
 c - a +0 helmet (worn)
Magical Staves
 f - a staff of poison
Jewellery
 e - an amulet of reflection (around neck)
 j - a ring of ice (left hand)
Wands
 h - a wand of paralysis (4)
 q - a wand of quicksilver (7)
 u - a wand of flame (6)
 v - a wand of mindburst (13)
 y - a wand of iceblast (3)
Scrolls
 g - a scroll of vulnerability
 l - a scroll of fear {unknown}
 m - 4 scrolls of identify {unknown}
 n - a scroll of enchant weapon {unknown}
 o - 5 scrolls of teleportation
 p - 2 scrolls of enchant armour {unknown}
 r - a scroll of summoning {unknown}
 w - a scroll of amnesia {unknown}
Potions
 i - a potion of lignification {unknown}
 k - a potion of berserk rage {unknown}
 t - 3 potions of curing
 x - a potion of attraction {unknown}
 z - a potion of mutation {unknown}


   Skills:
 - Level 3.0 Fighting
 - Level 2.6 Long Blades
 - Level 3.2 Dodging
 - Level 1.5 Stealth
 + Level 7.6 Spellcasting


You had 16 spell levels left.
You knew the following spells:

 Your Spells              Type           Power      Damage    Failure   Level
a - Shock                 Conj/Air       76%        1d7       1%          1
b - Searing Ray           Conj           38%        2d5       1%          2
c - Spider Form           Tmut/Pois      19%        N/A       2%          3
Your spell library was empty.

Dungeon Overview and Level Annotations

Branches:
Dungeon (7/15)
 Temple: D:4-7

Altars:
Dithmenos
Fedhas
Qazlal

Shops:
D:4 ==(

Annotations:
D:3 2 transporters, freelancePsychic's ghost, novice HOFi


Innate Abilities, Weirdness & Mutations

You are immune to sickness and miasma.
You are immune to poison.
Your flesh is very heat resistant. (rF++)
You are vulnerable to cold. (rC-)
You float through the air rather than walking.
You learn spells naturally, not from books.
Your magical power is your life essence.
You have superior vitality. (+4 MHP)


Message History

You finish channelling your searing ray.
You hear a shout!
The gnoll sergeant closely misses you. The gnoll closely misses you.
There is a stone staircase leading up here.
Aiming: Searing Ray (safe; 1% risk of failure)
Press: ? - help, Q - select action, (/) - cycle Shift-Dir - straight line, f/p - gnoll sergeant
Aim: a gnoll sergeant, wielding a +1 trident of flaming, wearing a +0 scale mail and wearing a +0 kite shield (heavily wounded, 87% to hit)
The searing ray hits the gnoll sergeant but does no damage.
The gnoll sergeant is heavily wounded. (Press . to maintain the ray.)
The gnoll sergeant hits you from afar with a +1 trident of flaming!
The gnoll sergeant burns you.
The gnoll hits you from afar with a +0 spear.
The searing ray hits the gnoll sergeant!
The gnoll sergeant is almost dead.
The gnoll sergeant hits you from afar with a +1 trident of flaming!
* * * LOW HITPOINT WARNING * * *
The gnoll sergeant burns you.
* * * LOW HITPOINT WARNING * * *
The gnoll closely misses you.
Restarting spell: Searing Ray (safe; 1% risk of failure)
Press: ? - help, Q - select action, (/) - cycle Shift-Dir - straight line, f/p - gnoll sergeant
Aim: a gnoll sergeant, wielding a +1 trident of flaming, wearing a +0 scale mail and wearing a +0 kite shield (almost dead, 87% to hit)
Okay, then.
The searing ray hits the gnoll.
The gnoll is almost dead.
The searing ray hits the gnoll sergeant!
You kill the gnoll sergeant!
The searing ray hits the gnoll.
The gnoll is lightly wounded.
* * * LOW HITPOINT WARNING * * *
The gnoll misses you. The gnoll hits you with a +0 club.
* * * LOW HITPOINT WARNING * * *
Okay, then.
Okay, then.
It was a potion of degeneration.
There was something very wrong with that liquid.
You feel weakened.
You feel dopey.
You feel clumsy.
The gnoll hits you from afar with a +0 spear.
You die...

............. ....
.................
....
................#
#...#
#................
...##......#.........
........# #.........
#......###......#
#...g..#.......###
#@gg..#.........##
##......##.......#
####..#.........#
####.......###
#....#.## ##.#####
###


You could see 3 gnolls.

Vanquished Creatures
  A wyvern (D:6)
  A water moccasin (D:6)
  An ice beast (D:5)
  A sky beast (D:6)
  An ogre (D:6)
  2 scorpions (D:5)
  2 necrophages
  A gnoll sergeant (D:7)
  2 howler monkeys
  3 hounds
  5 iguanas
  6 adders
  2 white imps (D:6)
  An ufetubus (D:4)
  A worm (D:2)
  8 orcs
  10 ball pythons
  11 endoplasms
  3 giant cockroaches
  4 goblins
  5 hobgoblins
  10 kobolds
  2 quokkas
  4 bats
  3 frilled lizards
  5 rats
95 creatures vanquished.

Vanquished Creatures (others)
  A plant (D:4)
1 creature vanquished.

Grand Total: 96 creatures vanquished

Notes
Turn   | Place    | Note
-------+----------+-------------------------------------------
     0 | D:1      | SnakkuSnakku7 the Djinni Monk began the quest for the Orb.
     0 | D:1      | Reached XP level 1. HP: 20/20 MP: 0/0
    81 | D:1      | Reached skill level 1 in Spellcasting
    81 | D:1      | Reached XP level 2. HP: 12/25 MP: 0/0
   601 | D:1      | Reached XP level 3. HP: 25/30 MP: 0/0
   601 | D:1      | Learned a level 1 spell: Shock
   825 | D:1      | Reached skill level 2 in Spellcasting
  1300 | D:2      | Found a faded altar of an unknown god.
  1445 | D:2      | Reached XP level 4. HP: 34/35 MP: 0/0
  2137 | D:3      | Found a stormy altar of Qazlal.
  2209 | D:3      | Found a transporter.
  2569 | D:3      | Found a transporter.
  2569 | D:3      | Noticed freelancePsychic's ghost (novice HOFi)
  2760 | D:4      | Noticed a necrophage
  2779 | D:4      | Reached skill level 3 in Spellcasting
  2882 | D:4      | Killed a necrophage
  2883 | D:4      | Reached XP level 5. HP: 6/40 MP: 0/0
  2883 | D:4      | Learned a level 2 spell: Searing Ray
  3253 | D:4      | Found Paehe's Jewellery Shop.
  3290 | D:4      | Found Qodeg's Antique Weapon Shoppe.
  3593 | D:4      | Found a blossoming altar of Fedhas.
  3620 | D:4      | Found Mocw's Jewellery Emporium.
  3955 | D:4      | Reached skill level 4 in Spellcasting
  3955 | D:4      | Reached XP level 6. HP: 46/46 MP: 0/0
  4005 | D:5      | Entered Level 5 of the Dungeon
  4201 | D:5      | Reached skill level 5 in Spellcasting
  4201 | D:5      | Reached XP level 7. HP: 14/50 MP: 0/0
  4201 | D:5      | Learned a level 3 spell: Spider Form
  4668 | D:5      | Found a shadowy altar of Dithmenos.
  5201 | D:6      | Noticed a wyvern
  5209 | D:6      | Noticed a water moccasin
  5210 | D:6      | HP: 1/50 [iguana (8)]
  5234 | D:6      | Reached skill level 6 in Spellcasting
  5414 | D:6      | Reached XP level 8. HP: 35/56 MP: 0/0
  5943 | D:6      | Killed a wyvern
  5944 | D:6      | Reached skill level 7 in Spellcasting
  6433 | D:7      | HP: 1/56 [gnoll/+0 club[a gnoll sergeant] (4)]
  6434 | D:7      | Slain by a gnoll

Illustrated notes

Levels and vault maps discovered:
D:1:      moated_graveyard_arrival, layout_basic, hex_tiny, corexii_corridor_pit
D:2:      layout_loops_corners, hellmonk_ecumenical_altar_arch_garden
D:3:      layout_basic, general_overflow_altar, gammafunk_ghost_arena
D:4:      layout_loops_ring, fedhas_altar_1, serial_shops, nicolae_square_shop,
          kennysheep_mini_moat, kennysheep_little_box, hangedman_decor_push
D:5:      layout_loops_ring, kennysheep_mini
D:6:      layout_basic, minmay_manual_mess
D:7:      layout_cave_pools, minmay_temple_entry_statues_fountains,
          gammafunk_ghost_smash

Skill      XL: |  1  2  3  4  5  6  7  8 |
---------------+-------------------------+-----
Spellcasting   | 1 2 3 4 5 6 7 |  7.6
Fighting       | |  3.0
Long Blades    | |  2.6
Dodging        | |  3.2
Stealth        | |  1.5

Action                   |  1- 3 |  4- 6 |  7- 9 || total
-------------------------+-------+-------+-------++-------
Melee: Dagger            |    93 |   115 |    10 ||   218
       Punch             |       |     1 |       ||     1
 Cast: Shock             |       |     8 |       ||     8
       Searing Ray       |       |     5 |    22 ||    27
Evoke: Wand              |       |       |     2 ||     2
  Use: Potion            |     1 |       |     4 ||     5
       Scroll            |       |     1 |     2 ||     3
 Stab: Sleeping          |     6 |     8 |       ||    14
Armor: Robe              |     9 |    15 |     3 ||    27
Dodge: Dodged            |    38 |    54 |    26 ||   118
Block: Other             |    10 |    29 |     9 ||    48
